 Dungeon Crawl Stone Soup version 0.31-a0-233-g139696dc86 (webtiles) character file.

Game seed: 14397894364443268842

98 qw the Shooter (level 4, -2/26 HPs)
             Began as a Gargoyle Hexslinger on July 7, 2023.
             Slain by a black bear (8 damage)
             ... on level 3 of the Dungeon.
             The game lasted 00:00:44 (1749 turns).

qw the Shooter (Gargoyle Hexslinger)                Turns: 1749, Time: 00:00:44

Health: -2/26      AC:  6    Str: 11    XL:     4   Next: 71%
Magic:  5/5        EV: 11    Int: 14    God:
Gold:   14         SH:  0    Dex: 14    Spells: 4/5 levels left

rFire   . . .        Y - +1 sling
rCold   + . .        (no shield)
rNeg    + . .        h - +0 leather armour
rPois   inf          (no helmet)
rElec   +            (no cloak)
rCorr   .            (no gloves)
SInv    .            (no boots)
Will    .....        i - amulet of the acrobat
Stlth   +            c - ring of protection from cold
HPRegen 0.24/turn    (no ring)
MPRegen 0.09/turn

%: acrobat
@: no status effects
A: sickness immunity, AC +3, negative energy resistance 1, electricity
resistance, torment resistance 1, petrification resistance
a: no special abilities


You were on level 3 of the Dungeon.
You visited 1 branch of the dungeon, and saw 3 of its levels.

You collected 124 gold pieces.
You spent 110 gold pieces at shops.


Innate Abilities, Weirdness & Mutations

You are immune to sickness and miasma.
Your stone body is resilient. (AC +3)
You are immune to poison.
You resist negative energy. (rN+)
You are resistant to electric shocks. (rElec)
You are resistant to unholy torment.
You are immune to petrification.


   Skills:
 - Level 2.0 Fighting
 + Level 4.4 Ranged Weapons
 - Level 1.5 Dodging
 - Level 1.0 Spellcasting
 - Level 2.6 Hexes


You had 4 spell levels left.
You knew the following spells:

 Your Spells              Type           Power      Damage    Failure   Level
a - Slow                  Hex            32%        N/A       12%         1

Your spell library contained the following spells:

 Spells                   Type           Power      Damage    Failure   Level
 Inner Flame              Hex/Fire       4%         N/A       52%         3
 Portal Projectile        Hex/Tloc       8%         N/A       52%         3
 Cause Fear               Hex            4%         N/A       75%         4

Inventory:

Hand Weapons
 Y - a +1 sling (weapon)
Armour
 h - a +0 leather armour (worn)
Jewellery
 c - a ring of protection from cold (left hand)
 d - a ring of positive energy
 i - an amulet of the acrobat (around neck)
Scrolls
 a - a scroll of identify
Potions
 b - 3 potions of degeneration {unknown}
 e - 2 potions of curing
 f - a potion of lignification {unknown}
 g - a potion of haste {unknown}
 j - a potion of cancellation

Dungeon Overview and Level Annotations

Branches:
Dungeon (3/15)

Altars:

Shops:
D:3 !


Message History

The sling bullet hits the goblin!
You kill the goblin!
You shoot a sling bullet. The sling bullet hits the black bear.
The black bear is moderately wounded.
You shoot a sling bullet. The sling bullet hits the black bear.
The black bear is moderately wounded.
You shoot a sling bullet. The sling bullet hits the black bear.
The black bear is heavily wounded.
You shoot a sling bullet.
The sling bullet closely misses the black bear.
You shoot a sling bullet.
The sling bullet closely misses the black bear.
The black bear bites you. The black bear claws you. x2
You shoot a sling bullet. The sling bullet hits the black bear.
The black bear is heavily wounded.
The black bear barely misses you. The black bear closely misses you.
The black bear claws you.
You shoot a sling bullet.
The sling bullet closely misses the black bear.
The black bear bites you. The black bear claws you.
The black bear claws you but does no damage.
The black bear bites you but does no damage.
The black bear barely misses you.
The black bear claws you but does no damage.
You shoot a sling bullet.
The sling bullet barely misses the black bear.
The black bear closely misses you. The black bear claws you.
The black bear barely misses you.
You shoot a sling bullet.
The sling bullet barely misses the black bear.
The black bear barely misses you. x2
The black bear claws you but does no damage.
You shoot a sling bullet.
The sling bullet closely misses the black bear.
The black bear bites you but does no damage.
The black bear closely misses you. The black bear misses you.
You shoot a sling bullet. The sling bullet hits the black bear.
The black bear is severely wounded.
The black bear goes berserk!
The black bear bites you!
You die...

.........### ###
#.####...# ###..
#####.###..%.####...#
##......#..#...##...##
##.........##...###...#
#..........##.#..####.)
#..........##.#..######
#..........##.##.#.# #.
#.....@....##.##(..###.
#.....h....##.####.....
##........###..# ###%..
#....?...# ##.# #...
#..........# #.# #...
#..........# #.# #...
#...)......# #.# #...
#..........# #.# #...
#.## ##..


You could see a black bear (berserk).

Vanquished Creatures
  6 adders (D:3)
  A dart slug (D:3)
  4 ball pythons (D:1)
  3 endoplasms
  3 goblins
  4 hobgoblins (D:1)
  3 jackals (D:3)
  3 quokkas
  5 bats
  3 frilled lizards
  3 kobolds
  5 rats
43 creatures vanquished.

Notes
Turn   | Place    | Note
-------+----------+-------------------------------------------
     0 | D:1      | qw the Gargoyle Hexslinger began the quest for the Orb.
     0 | D:1      | Reached XP level 1. HP: 12/12 MP: 2/2
     0 | D:1      | 0 ||| qw: Version: 0.3-a-46-gb1f654a
     0 | D:1      | 0 ||| qw: Game counter: 3158
     0 | D:1      | 0 ||| qw: Melee chars always use a shield: true
     0 | D:1      | 0 ||| qw: God list: Okawaru
     0 | D:1      | 0 ||| qw: Allow faded altars: false
     0 | D:1      | 0 ||| qw: Do Orc after clearing Dungeon:15 true
     0 | D:1      | 0 ||| qw: Do second Lair branch before Depths: true
     0 | D:1      | 0 ||| qw: Lair rune preference: random
     0 | D:1      | 0 ||| qw: Goals: Normal
     0 | D:1      | 0 ||| PLANNING D:1-11
   144 | D:1      | Reached XP level 2. HP: 16/16 MP: 3/3
   306 | D:1      | Reached skill level 3 in Ranged Weapons
   423 | D:1      | Reached XP level 3. HP: 21/21 MP: 4/4
   486 | D:1      | 486 ||| UPGRADING to +0 leather armour.
   496 | D:1      | 496 ||| DROPPING +0 robe.
   497 | D:1      | 497 ||| READING scroll labelled QAONIAHAUR.
   498 | D:1      | 498 ||| DROPPING scroll of poison.
  1334 | D:2      | 1334 ||| UPGRADING to amulet of the acrobat.
  1339 | D:2      | 1339 ||| UPGRADING to ring of protection from cold.
  1340 | D:2      | 1340 ||| READING 3 scrolls labelled HUGHOOMETI.
  1341 | D:2      | 1341 ||| READING scroll labelled WEOPNI KEROTUR.
  1342 | D:2      | 1342 ||| READING scroll labelled FERROONT DUGEMM.
  1343 | D:2      | 1343 ||| READING scroll labelled ATEMOO HICWISH.
  1347 | D:2      | 1347 ||| DRINKING 2 sapphire potions.
  1348 | D:2      | 1348 ||| READING 2 scrolls of identify.
  1348 | D:2      | 1348 ||| IDENTIFYING lumpy sapphire potion
  1349 | D:2      | 1349 ||| DROPPING potion of ambrosia.
  1512 | D:3      | Reached skill level 4 in Ranged Weapons
  1512 | D:3      | Reached XP level 4. HP: 23/26 MP: 5/5
  1665 | D:3      | Found Ryvvoesits's Distillery.
  1674 | D:3      | 1674 ||| BUYING potion of cancellation (80 gold).
  1674 | D:3      | Bought a potion of cancellation for 80 gold pieces
  1674 | D:3      | 1674 ||| BUYING potion of curing (30 gold).
  1674 | D:3      | Bought a potion of curing for 30 gold pieces
  1674 | D:3      | 1674 ||| SHOPLISTING potion of curing (30 gold, have 14).
  1674 | D:3      | 1674 ||| SHOPLISTING potion of haste (100 gold, have 14).
  1737 | D:3      | Noticed a black bear
  1746 | D:3      | HP: 5/26 [black bear (3)]
  1749 | D:3      | Slain by a black bear

Levels and vault maps discovered:
D:1:      dpeg_arrival_erosion, layout_rooms, interstate_on_off
D:2:      layout_basic, grunt_decor_resistance, lemuel_flame_loot_1
D:3:      layout_rooms, serial_curves, eino_curves_03, eino_curves_02,
          serial_shops, nicolae_shop_temple_entry_statues_fountains,
          corner_web_ring

Skill      XL: |  1  2  3 |
---------------+----------+-----
Ranged Weapons | 3 4 |  4.4
Fighting       | 2 |  2.0
Dodging        | |  1.5
Spellcasting   | |  1.0
Hexes          | |  2.6

Action                     |  1- 3 |  4- 6 || total
---------------------------+-------+-------++-------
   Fire: Sling             |   136 |    42 ||   178
    Use: Scroll            |     6 |       ||     6
         Potion            |     1 |       ||     1
 Armour: Robe              |     6 |       ||     6
         Leather armour    |    26 |    12 ||    38
  Dodge: Dodged            |    52 |    22 ||    74

Table legend:
 A = Non-vault XP
 B = Vault XP
 C = Vault XP percentage of total XP
 D = Non-vault monster count
 E = Vault monster count
 F = Vault count percentage of total count
                 A         B        C        D         E       F
            +---------+---------+-------+---------+---------+-------
      Total |     141 |       0 |   0.0 |      43 |       0 |   0.0
            +---------+---------+-------+---------+---------+-------
        D:1 |      35 |       0 |   0.0 |      22 |       0 |   0.0
        D:2 |      10 |       0 |   0.0 |       7 |       0 |   0.0
        D:3 |      96 |       0 |   0.0 |      14 |       0 |   0.0
            +---------+---------+-------+---------+---------+-------
